 Dungeon Crawl Stone Soup version 0.27.1-37-g7b29ead8ac (console) character file.

Game seed: 15783106307922563202

30191 grimtooth the Ripper (level 13, -2/64 HPs)
             Began as a Felid Delver on Dec 3, 2023.
             Was a Priest of Elyvilon.
             Slain by a hellwing (3 damage)
             ... on level 4 of the Swamp on Dec 7, 2023.
             The game lasted 03:31:03 (48920 turns).

grimtooth the Ripper (Felid Delver)                Turns: 48920, Time: 03:31:04

Health: -2/64      AC:  3    Str: 14    XL:     13   Next: 19%
Magic:  0/23       EV: 25    Int: 23    God:    Elyvilon [***...]
Gold:   1203       SH:  0    Dex: 17    Spells: 1/12 levels left
                                        Lives:  0   Deaths: 3

rFire    . . .     SeeInvis +     - Unarmed
rCold    + . .     Faith    .   (shield unavailable)
rNeg     . . .     Spirit   +   (armour unavailable)
rPois    .         Reflect  .   (helmet unavailable)
rElec    .         Harm     .   (cloak unavailable)
rCorr    .         Rampage  .   (gloves unavailable)
Will     +....                  (boots unavailable)
Stlth    +++.......             c - amulet of guardian spirit
HPRegen  0.20/turn              I - +6 ring of intelligence
MPRegen  0.18/turn              J - +6 ring of strength

@: very slow
A: very small, claws 1, fangs 3, see invisible, speed 1, shaggy fur 3, stealthy
paws, no weapons or thrown items, no armour, multi-lived
a: Renounce Religion, Lesser Healing, Heal Other, Purification, Divine
Protection


You were on level 4 of the Swamp.
You worshipped Elyvilon.
Elyvilon was most pleased with you.
You visited 5 branches of the dungeon, and saw 28 of its levels.
You also visited: Ossuary and Ice Cave.

You collected 2028 gold pieces.
You spent 825 gold pieces at shops.

Inventory:

Jewellery
 c - an amulet of guardian spirit (around neck)
 h - a ring of willpower
 v - an amulet of magic regeneration
 E - a ring of positive energy
 H - a ring of resist corrosion
 I - a +6 ring of intelligence (left paw)
 J - a +6 ring of strength (right paw)
 L - a ring of magical power
Wands
 e - a wand of digging (12)
 i - a wand of flame (10)
 n - a wand of polymorph (18)
 r - a wand of iceblast (4)
 y - a wand of acid (3)
 A - a wand of paralysis (10)
 C - a wand of mindburst (6)
Scrolls
 a - 5 scrolls of fog
 b - 3 scrolls of magic mapping
 g - 6 scrolls of teleportation
 j - 2 scrolls of holy word
 m - 2 scrolls of identify {@r4}
 o - 4 scrolls of summoning
 q - 2 scrolls of silence
 s - 2 scrolls of amnesia
 u - 5 scrolls of immolation
 z - a scroll of vulnerability
 G - 3 scrolls of blinking
Potions
 d - 6 potions of haste
 f - 6 potions of cancellation
 k - 2 potions of might
 l - 6 potions of curing
 p - a potion of magic
 t - 2 potions of ambrosia
 w - 4 potions of flight
 x - 3 potions of lignification
 B - a potion of invisibility
 D - 3 potions of brilliance
 F - a potion of mutation


   Skills:
 - Level 12.0 Fighting
 - Level 12.0 Dodging
 - Level 13.1 Stealth
 - Level 15.0 Unarmed Combat
 + Level 4.5 Hexes
 * Level 6.7 Transmutations
 - Level 12.0 Invocations


You had one spell level left.
You knew the following spells:

 Your Spells              Type           Power      Damage    Failure   Level
a - Blade Hands           Tmut           15%        N/A       26%         5
v - Invisibility          Hex            10%        N/A       98%         6

Your spell library contained the following spells:

 Spells                   Type           Power      Damage    Failure   Level
 Beastly Appendage        Tmut           62%        N/A       1%          1
 Magic Dart               Conj           0%         1d3       16%         1
 Wereblood                Tmut           31%        N/A       1%          2
 Passwall                 Tmut/Erth      12%        N/A       6%          2
 Spider Form              Tmut/Pois      7%         N/A       12%         3
 Ignite Poison            Fire/Tmut/Pois 10%        N/A       19%         3
 Call Imp                 Summ           0%         N/A       24%         2
 Conjure Flame            Conj/Fire      0%         6-21      43%         3
 Gell's Gravitas          Tloc           0%         N/A       43%         3
 Mephitic Cloud           Conj/Pois/Air  0%         N/A       43%         3
 Swiftness                Air            0%         N/A       43%         3
 Teleport Other           Tloc           0%         N/A       43%         3
 Sticky Flame             Conj/Fire      0%         2d3       83%         4
 Summon Lightning Spire   Summ/Air       0%         N/A       83%         4
 Dispersal                Tloc           0%         N/A       100%        6
 Iron Shot                Conj/Erth      0%         9d1       100%        6
 Storm Form               Tmut/Air       7%         N/A       100%        7
 Maxwell's Capacitive Co  Air            0%         ∞         100%        8
 Animate Armour           Summ/Erth      Unusable   N/A       N/A         4

Dungeon Overview and Level Annotations

Branches:
Dungeon (15/15)            Temple (1/1) D:4            Lair (6/6) D:9
  Swamp (4/4) Lair:2        Snake (0/4) Lair:4        Slime (0/5) Lair:5
    Orc (2/2) D:12            Elf (0/3) Orc:2        Vaults (0/5) D:14
Ossuary (visited)           IceCv (visited)
 Depths: D:15

Altars:
Ashenzari
Cheibriados
Dithmenos
Elyvilon
Fedhas
Gozag
Hepliaklqana
Kikubaaqudgha
Makhleb
Nemelex Xobeh
Okawaru
Qazlal
Ru
Sif Muna
Trog
Uskayaw
Vehumet
Wu Jian
Xom
Yredelemnul
Zin
The Shining One
Jiyva

Shops:
D:1 !   D:3 *   D:6 !   D:12 *   D:13 (   Orc:2 [([!

Annotations:
D:7 3 runed translucent doors, finalsalamander's ghost, novice NaWn
D:10 exclusion: door
D:14 exclusions: hornet and wraith, Roxanne
D:15 Azrael
Lair:2 exclusion: hydra
Lair:5 exclusion: oklob plant
Lair:6 exclusions: boulder beetle, hydra and komodo dragon
Swamp:1 exclusions: bog body, bunyip, spriggan druid and swamp worm
Swamp:3 exclusions: 2 spriggan riders and will-o-the-wisp


Innate Abilities, Weirdness & Mutations

You have sharp claws.
You have razor-sharp teeth.
You have supernaturally acute eyesight. (SInv)
You cover ground quickly. (Speed+)
Your thick and shaggy fur keeps you warm. (AC +3, rC+)
Your paws help you pounce on unaware monsters.
You are incapable of wielding weapons or throwing items.
You cannot wear armour.
You gain extra lives every three experience levels.


Message History

As you read the scroll of teleportation, it crumbles to dust.
You feel strangely unstable. The bunyip claws you!! The bunyip claws you!
The bunyip misses you.
The bunyip howls a warning cry!
You hear a shout! x2
The spriggan air mage waves its arms in wide circles.
The air twists around and strikes you!!
* * * LOW HITPOINT WARNING * * *
The alligator puts on a burst of speed!
Aiming: Throw Flame
Press: ? - help, Shift-Dir - straight line, f - spriggan air mage
Aim: a spriggan air mage, wearing a +1 robe of willpower (repelling missiles, 9% to hit)
The spriggan air mage is engulfed in a cloud of scalding steam.
Found a hand axe.
Your surroundings suddenly seem different.
Splash!
You fall into the shallow water.
Moving in this stuff is going to be slow.
A wizard comes into view.
It is wielding a +0 dagger of holy wrath.
The wizard gestures at you while chanting.
The fireball explodes!
The fireball engulfs you!!
* * * LOW HITPOINT WARNING * * *
The mangrove smoulders and burns.
A deep elf zephyrmancer comes into view.
It is wielding a +0 rapier.
A hellwing comes into view.
You hear a deafening roar!
You hear an angry growl.
You hear a shout!
A shambling mangrove comes into view.
Enter note: - nice landing
Press: ? - help, Dir - move target, f - wizard Heal: a wizard, wielding a +0 dagger of holy wrath and wearing a +0 robe (chance to pacify: 60%)
As you read the scroll of fear, it crumbles to dust.
You assume a fearsome visage.
The wizard resists with some effort.
The deep elf zephyrmancer looks frightened!
The shambling mangrove is unaffected.
The hellwing is unaffected.
You are engulfed in a cloud of scalding steam.
* * * LOW HITPOINT WARNING * * *
The wizard mumbles some strange words.
The wizard flickers and vanishes for a moment.
The hellwing barely misses you. The hellwing hits you.
You die...

### ## ##.≈
.≈## ##♣≈≈p♣♣
...♣#
≈.≈≈≈≈♣f≈≈≈≈.
§≈≈≈♣≈e..§#
♣§.§≈≈♣
#§@§≈≈#
##§4♣## ##♣#
#≈≈≈ .<≈ #≈.
#.≈ #.. #≈≈
#≈≈ #≈≈ ##≈§


You could see a shambling mangrove, a hellwing, a wizard (invisible) and a deep
elf zephyrmancer (fleeing).

Vanquished Creatures
  An ironbound preserver (D:14)
  A bunyip (Swamp:2)
  Harold (D:7)
  2 ogre magi (Orc:2)
  4 hydras
  5 centaur warriors
  11 two-headed ogres
  4 alligators
  A tengu warrior (D:14)
  A goliath frog (Swamp:1)
  2 bog bodies
  A swamp dragon (Swamp:1)
  A deep elf pyromancer (D:14)
  A lindwurm (Lair:5)
  A harpy (shapeshifter) (D:13)
  5 ugly things
  A wizard (D:10)
  An orc sorcerer (Orc:1)
  5 cyclopes
  A torpor snail (Lair:2)
  5 black mambas
  Maurice (D:9)
  A gargoyle (D:8)
  A rime drake (Lair:2)
  7 cane toads
  2 freezing wraiths (D:14)
  A komodo dragon (D:11)
  A kobold demonologist (D:10)
  2 tengu conjurers
  9 trolls
  3 polar bears
  A hornet (Lair:4)
  A tyrant leech (Swamp:2)
  8 blink frogs
  6 slime creatures (D:13)
  7 dream sheep (Lair:3)
  4 wyverns
  A shadow (D:13)
  A wraith (Ossuary)
  Eustachio (D:6)
  29 yaks
  A vampire (D:10)
  3 basilisks
  A steam dragon (D:10)
  7 vampire mosquitoes
  5 swamp worms
  An acid dragon (D:11)
  22 water moccasins
  8 orc warriors
  A sky beast (D:6)
  A swamp drake (Swamp:2)
  2 ice beasts
  A black bear (D:6)
  2 necrophages (D:7)
  17 ogres
  5 wolves
  2 kobold brigands
  8 centaurs
  11 bullfrogs
  2 scorpions
  A gnoll sergeant (D:3)
  5 killer bees
  15 wights
  7 howler monkeys
  2 electric eels
  3 centaur zombies
  6 jellies
  A centaur skeleton (D:6)
  2 hounds (D:5)
  A gnoll shaman (D:10)
  11 orc priests
  2 iguanas
  12 orc wizards
  A hound skeleton (D:4)
  A mummy (D:6)
  6 adders
  25 gnolls
  A shadow imp (D:6)
  An ufetubus (D:5)
  An adder zombie (Ossuary)
  3 worms
  An adder skeleton (D:5)
  6 dart slugs
  63 orcs
  12 ball pythons
  4 bats
  8 endoplasms
  5 giant cockroaches
  4 goblins
  11 hobgoblins
  19 jackals
  4 quokkas
  4 frilled lizards
  3 hobgoblin skeletons (Ossuary)
  3 hobgoblin zombies (Ossuary)
  14 kobolds
  2 kobold zombies (Ossuary)
  2 rats
514 creatures vanquished.

Vanquished Creatures (others)
  A death yak (Lair:4)
  A manticore (D:14)
  A komodo dragon (Lair:5)
  A bloated husk (Swamp:1)
  3 yaks (D:9)
  4 ogres
  A centaur (D:9)
  59 fungi
  137 plants
208 creatures vanquished.

Grand Total: 722 creatures vanquished

Notes
Turn   | Place    | Note
-------+----------+-------------------------------------------
     0 | D:5      | grimtooth the Felid Delver began the quest for the Orb.
     0 | D:5      | Reached XP level 1. HP: 10/10 MP: 2/2
    10 | D:4      | Noticed an ice beast
    14 | D:4      | Noticed a jelly
    29 | D:4      | Found a staircase to the Ecumenical Temple.
    47 | Temple   | Entered the Ecumenical Temple
   418 | Temple   | Became a worshipper of Elyvilon the Healer
   472 | D:1      | - cuttin it mighty fine here
   784 | D:1      | Reached * piety under Elyvilon
   828 | D:1      | Reached XP level 2. HP: 14/14 MP: 3/3
  1448 | D:1      | Reached skill level 3 in Unarmed Combat
  1775 | D:1      | Found a faded altar of an unknown god.
  1804 | D:1      | Reached XP level 3. HP: 17/17 MP: 4/4
  2291 | D:1      | Found Jululus's Distillery.
  2501 | D:2      | Reached ** piety under Elyvilon
  2559 | D:2      | Found a radiant altar of Vehumet.
  3337 | D:2      | Reached XP level 4. HP: 13/21 MP: 5/5
  3944 | D:2      | Reached skill level 4 in Unarmed Combat
  4730 | D:3      | Reached *** piety under Elyvilon
  4786 | D:3      | Found Rigaexke's General Store.
  4971 | D:1      | Bought a potion of heal wounds for 60 gold pieces
  4971 | D:1      | Bought 2 potions of curing for 72 gold pieces
  5212 | D:4      | Noticed a scorpion
  5484 | D:5      | Reached XP level 5. HP: 13/24 MP: 6/6
  5641 | D:5      | Noticed a two-headed ogre
  5940 | D:4      | Noticed an ogre
  6495 | D:4      | Reached skill level 5 in Unarmed Combat
  6707 | D:5      | Noticed an ogre
  7369 | D:5      | Reached skill level 1 in Invocations
  7369 | D:5      | Gained mutation: You are covered in thick fur. (AC +2)
                  | [Felid growth]
  7369 | D:5      | Reached XP level 6. HP: 27/28 MP: 7/7
  7685 | D:4      | Reached skill level 6 in Unarmed Combat
  8810 | D:3      | Reached XP level 7. HP: 31/31 MP: 9/9
 11166 | D:3      | Elyvilon protects you from harm!
 11979 | D:3      | Reached skill level 7 in Unarmed Combat
 12220 | D:3      | Bought a scroll of blinking for 90 gold pieces
 12220 | D:3      | Bought a scroll of teleportation for 36 gold pieces
 12750 | D:6      | Reached XP level 8. HP: 34/34 MP: 11/11
 12851 | D:6      | Noticed Eustachio
 12889 | D:6      | Reached skill level 5 in Dodging
 12889 | D:6      | Reached skill level 8 in Unarmed Combat
 12966 | D:6      | Found a sand-covered staircase.
 12973 | Ossuary  | Entered an ossuary
 13180 | Ossuary  | Noticed a flying skull
 13226 | Ossuary  | Noticed a flying skull
 13233 | Ossuary  | Noticed a flying skull
 13267 | Ossuary  | Noticed a flying skull
 13288 | Ossuary  | Reached skill level 5 in Invocations
 13721 | D:6      | Found Juash's Distillery.
 14094 | D:7      | Noticed Harold
 14095 | D:7      | - of course YOU wake up
 15371 | D:6      | Bought a potion of heal wounds for 50 gold pieces
 15792 | D:7      | Reached XP level 9. HP: 39/39 MP: 14/14
 16432 | D:7      | Found a runed translucent gate.
 16432 | D:7      | Found a runed translucent gate.
 16432 | D:7      | Found a runed translucent gate.
 16433 | D:7      | Noticed finalsalamander's ghost (novice NaWn)
 16490 | D:7      | Reached skill level 5 in Fighting
 16758 | D:8      | Found a burning altar of Makhleb.
 18242 | D:8      | Found a glowing silver altar of Zin.
 18319 | D:8      | Noticed a cyan ugly thing
 18520 | D:9      | Reached **** piety under Elyvilon
 19127 | D:9      | Found a sparkling altar of Nemelex Xobeh.
 19127 | D:9      | Found a hide-covered altar of Uskayaw.
 19128 | D:9      | Found an opulent altar of Gozag.
 19251 | D:9      | Noticed Maurice
 19567 | D:9      | Reached skill level 9 in Unarmed Combat
 19988 | D:9      | Found a staircase to the Lair.
 20324 | D:10     | Entered Level 10 of the Dungeon
 20679 | D:10     | - finalliy some spells... not useful ones but still
 20686 | D:10     | Noticed a wizard
 21060 | D:7      | Killed Harold
 21061 | D:7      | Reached skill level 10 in Unarmed Combat
 21061 | D:7      | Reached XP level 10. HP: 21/45 MP: 10/15
 21841 | D:6      | Killed Eustachio
 21976 | Lair:1   | Entered Level 1 of the Lair of Beasts
 22080 | Lair:1   | Noticed a cane toad
 22085 | Lair:1   | Pacified a cane toad
 22250 | Lair:1   | Noticed a black mamba
 22478 | Lair:1   | Reached ***** piety under Elyvilon
 22575 | Lair:1   | Reached skill level 10 in Stealth
 23938 | Lair:1   | Pacified a black mamba
 23983 | Lair:2   | Noticed a six-headed hydra
 24008 | Lair:2   | Noticed a black mamba
 24010 | Lair:2   | Killed a black mamba
 24038 | Lair:2   | Found a frozen archway.
 24045 | Lair:2   | - this will be fun
 24046 | IceCv    | Entered an ice cave
 24047 | IceCv    | - surprise this is 100percent boned
 24170 | Lair:2   | Noticed a cane toad
 24192 | Lair:2   | Killed a cane toad
 24193 | Lair:2   | Reached XP level 11. HP: 40/53 MP: 13/16
 25086 | Lair:2   | Found a staircase to the Swamp.
 25086 | Lair:2   | Noticed a bog body
 25090 | Lair:2   | Noticed a five-headed hydra
 25135 | Lair:2   | Killed a bog body
 25769 | Lair:2   | Pacified a five-headed hydra
 26450 | Lair:3   | - bit of a gamble here
 26470 | Lair:3   | HP: 3/79 [dream sheep (4)]
 26470 | Lair:3   | Slain by a dream sheep
 26471 | Lair:3   | Reached XP level 10. HP: 0/73 MP: 0/17
 26471 | Lair:3   | Noticed a seven-headed hydra
 26626 | Lair:3   | Noticed a black mamba
 26950 | Lair:3   | Noticed a six-headed hydra
 27079 | Lair:3   | Pacified a six-headed hydra
 27080 | Lair:3   | Reached skill level 10 in Dodging
 27080 | Lair:3   | Reached skill level 11 in Unarmed Combat
 27080 | Lair:3   | Reached XP level 11. HP: 29/53 MP: 13/18
 27369 | Lair:3   | Pacified a seven-headed hydra
 28276 | Lair:4   | Found a staircase to the Snake Pit.
 28306 | Lair:4   | Noticed a seven-headed hydra
 28561 | Lair:4   | Killed a seven-headed hydra
 29216 | Lair:4   | You fall into a shaft and drop 2 floors!
 29216 | Lair:6   | Entered Level 6 of the Lair of Beasts
 29217 | Lair:6   | - yaaaay...
 29245 | Lair:5   | Noticed a five-headed hydra
 29517 | Lair:4   | You fall into a shaft and drop 2 floors!
 29518 | Lair:6   | - ok now that is pushing it
 29523 | Lair:6   | Noticed a seven-headed hydra
 29535 | Lair:6   | Reached skill level 12 in Unarmed Combat
 29574 | Lair:5   | Found a staircase to the Slime Pits.
 29574 | Lair:5   | Found a viscous altar of Jiyva.
 30247 | Lair:4   | Noticed a death yak
 30247 | Lair:4   | Noticed a death yak
 30247 | Lair:4   | Noticed a death yak
 30573 | Lair:4   | Noticed a death yak
 31021 | Lair:4   | Reached skill level 10 in Fighting
 31186 | Lair:4   | Pacified a death yak
 31186 | Lair:4   | Noticed a death yak
 31200 | Lair:4   | Noticed a death yak
 31202 | Lair:4   | Pacified a death yak
 31209 | Lair:4   | Killed a death yak
 31210 | Lair:4   | Pacified a death yak
 31212 | Lair:4   | Pacified a death yak
 31213 | Lair:4   | Gained mutation: Your thick and shaggy fur keeps you warm.
                  | (AC +3, rC+) [Felid growth]
 31213 | Lair:4   | Reached XP level 12. HP: 58/58 MP: 9/19
 31403 | Lair:5   | Noticed a five-headed hydra
 31407 | Lair:5   | Killed a five-headed hydra
 31717 | Lair:5   | Noticed a five-headed hydra
 31725 | Lair:5   | Pacified a five-headed hydra
 32116 | Lair:5   | Reached skill level 13 in Unarmed Combat
 32483 | Lair:6   | Noticed a boulder beetle
 32653 | Lair:6   | Noticed a catoblepas
 32656 | Lair:6   | Pacified a catoblepas
 33107 | Lair:6   | Noticed a seven-headed hydra
 33635 | D:10     | Noticed a two-headed ogre
 33638 | D:10     | Killed a two-headed ogre
 33643 | D:10     | Found a basalt altar of Yredelemnul.
 33879 | D:10     | Identified the +0 hunting sling "Dosteib" {venom, rElec
                  | Stlth+}
 34429 | D:11     | Reached skill level 10 in Invocations
 34667 | D:11     | - finally a few spells... not useful ones but it give me a
                  | hopeful feeling
 35421 | D:12     | Identified the +9 flail of Light {drain, +Rage rPois Int+4
                  | Stlth-}
 35462 | D:12     | Found Ranujyog's General Store.
 36107 | D:12     | Found a staircase to the Orcish Mines.
 36340 | Orc:1    | Entered Level 1 of the Orcish Mines
 36562 | Orc:2    | Entered Level 2 of the Orcish Mines
 36983 | Orc:2    | Found Zibyalij's Armour Shoppe.
 37057 | Orc:2    | Found a staircase to the Elven Halls.
 37186 | Orc:2    | Found Veta's Antique Armour Shoppe.
 37214 | Orc:2    | Reached skill level 14 in Unarmed Combat
 37401 | Orc:2    | Found Lextuh's Antique Weapon Emporium.
 37401 | Orc:2    | Noticed a two-headed ogre
 37401 | Orc:2    | Noticed a two-headed ogre
 37401 | Orc:2    | Noticed an ogre mage
 37552 | D:12     | Reached XP level 13. HP: 61/61 MP: 21/21
 37754 | D:3      | Bought a scroll of teleportation for 36 gold pieces
 39362 | D:13     | Found Vaisydd's Antique Weapon Emporium.
 39717 | D:13     | Shot with an arrow by a centaur warrior
 39718 | D:13     | Reached XP level 12. HP: -5/58 MP: 0/21
 40007 | Orc:2    | Noticed a two-headed ogre
 40116 | Orc:2    | Noticed an ogre mage
 40164 | Orc:2    | Killed an ogre mage
 40303 | Orc:2    | Noticed a two-headed ogre
 40324 | Orc:2    | Noticed a two-headed ogre
 40488 | Orc:2    | Noticed a two-headed ogre
 40494 | Orc:2    | Found Luggosy's Distillery.
 40517 | Orc:2    | Noticed a two-headed ogre
 40520 | Orc:2    | Noticed a two-headed ogre
 40600 | Orc:2    | Killed a two-headed ogre
 40601 | Orc:2    | Reached skill level 15 in Unarmed Combat
 40602 | Orc:2    | Killed a two-headed ogre
 40608 | Orc:2    | Killed a two-headed ogre
 40615 | Orc:2    | Killed a two-headed ogre
 40740 | Orc:2    | Killed a two-headed ogre
 40931 | Orc:2    | Killed a two-headed ogre
 41097 | Orc:2    | Killed a two-headed ogre
 41325 | Orc:2    | Killed a two-headed ogre
 41422 | Orc:2    | Bought a potion of heal wounds for 85 gold pieces
 41422 | Orc:2    | Bought a potion of invisibility for 136 gold pieces
 41422 | Orc:2    | Bought a potion of heal wounds for 85 gold pieces
 41422 | Orc:2    | Bought a potion of heal wounds for 85 gold pieces
 41616 | Orc:2    | Reached XP level 13. HP: 56/62 MP: 19/22
 41820 | Orc:2    | Learned a level 5 spell: Blade Hands
 42446 | D:13     | Reached skill level 1 in Transmutations
 42551 | D:14     | Found a gate to the Vaults.
 42551 | D:14     | Noticed an ironbound preserver
 43024 | D:14     | Noticed Roxanne
 43650 | D:15     | Entered Level 15 of the Dungeon
 43655 | D:15     | Noticed Azrael
 43988 | D:14     | Elyvilon protects you from harm!
 44354 | D:13     | - that was toooo close
 44820 | D:14     | Killed an ironbound preserver
 45539 | D:9      | Killed Maurice
 45695 | D:9      | Learned a level 6 spell: Invisibility
 45783 | Swamp:1  | Entered Level 1 of the Swamp
 45784 | Swamp:1  | - ouch
 45790 | Swamp:1  | - of course these guy will still kill me
 45824 | Swamp:1  | Reached skill level 1 in Hexes
 46082 | Swamp:1  | Reached skill level 5 in Transmutations
 46483 | Swamp:1  | Noticed a bunyip
 46580 | Swamp:2  | Noticed an eleionoma
 46584 | Swamp:2  | Killed from afar by an eleionoma
 46585 | Swamp:2  | Reached XP level 12. HP: -13/61 MP: 0/22
 46848 | Swamp:2  | - isnt it supposed to be noisy around here
 46854 | Swamp:2  | Reached XP level 13. HP: 64/64 MP: 18/23
 47515 | Swamp:2  | Noticed a bunyip
 47522 | Swamp:2  | Killed a bunyip
 48323 | D:6      | Bought a potion of flight for 30 gold pieces
 48323 | D:6      | Bought a potion of flight for 30 gold pieces
 48323 | D:6      | Bought a potion of flight for 30 gold pieces
 48767 | Swamp:3  | Found a sacrificial altar of Ru.
 48909 | Swamp:4  | Entered Level 4 of the Swamp
 48911 | Swamp:4  | Noticed a bunyip
 48912 | Swamp:4  | Noticed a bunyip
 48920 | Swamp:4  | - nice landing
 48920 | Swamp:4  | HP: 1/64 [wizard] (4)]
 48920 | Swamp:4  | Slain by a hellwing

Illustrated notes #...# #># #.# #.# #.# #.# #h# #.# #g# #.# #@# #.# #.# #.# #.# #.# ... #.# Turn 472 on D:1: - cuttin it mighty fine here ........###)..###### ...............# .........#......# .................# ###................# #...........##.....# ............#...#### ..#.........#.### ..............# ............### .......@....# ........##### .......@. .######... .[... ...J## ....## .#### Turn 14095 on D:7: - of course YOU wake up # #+# #. .. #.######.##### ............#+ #............ #............ . +............ ..#####....@....... ....#....#+#####+#+ ......#..#.# #.......#.# ###....##.#####.# ###............ #..##.#####.# #...........# #...######### #...# #...# Turn 20679 on D:10: - finalliy some spells... not useful ones but still ......................# ....YY.....##.8........ #.#.#..8..#####.#...... # # .....##............ .....##..........### .8...####...#.....# .....# ##.#####..## #.#...#.....P# ##......#...[# +...........## ..P##...#.@.#..# ..# #...........# ..$ ##....#...P## .. #........## ###.##..... ... ...... ### ####.#. ## Turn 24045 on Lair:2: - this will be fun #...?.©.[...# ##.Z..[($....## #......(......# #..Z.8.W.8.Z..# #.............# #.Z.........# #...........# #.Z...@...Z.# ##.........## ##...∩...## ##.....## ####### Turn 24047 on IceCv: - surprise this is 100percent boned .......#................ ..........................(.... .............................). ....Y.......................... ............................... ............................... ............................... ............................... .............Y................. ....##..P#.#YY#Y..#....P....... P ##.######♣Y#.........#...# ### ################## Turn 26450 on Lair:3: - bit of a gamble here ♣♣ ♣♣♣. ... ## ♣.. #.♣.. #... #P.♣ #.@♣ ##.♣ ..♣ ..## ... .... ..... ...#.. Turn 29217 on Lair:6: - yaaaay... .... .. .P. ....##. .. ...$... S. #.....###. #.S....#.## #........P##.. #P........... #....@....... ..PP........... ..P............ ......l..###### .......#.. #...... ... ##..... ... ##.... .... Turn 29518 on Lair:6: - ok now that is pushing it ###..# ###........... #.....####.... #...[.# #.[.. #. #.....# #.... .#.### ###.### #.... yy....# #.######.... ....... #####'##.......( ....... #......#........ ....... #......#........ .......#####......#........ #....@.......#.....#.# #######......##....... #^.....##....... #......##.[..... #########....... #....... #....... ######'# #.# ########.# #........# Turn 34667 on D:11: - finally a few spells... not useful ones but it give me a hopeful feeling

..................#
......c...........#####
......................#
......................#####
.....c....................#
...........>.........#.##.#
..##.#####........#.##.##.#
..##.#####........#....##.#
..##.##.......###.#######.######
..##.##.......###)## #......#
..##.##.......#.@.<###########.#
............###.#..)).......##.#
............# #.#..))........#.#
#...........# #.#.############.#
#...........###.#..............#
#......................##########
#................................
.......................##########
...###..###............#
...#......#......(.....#
...#......#.############


Turn 44354 on D:13: - that was toooo close ≈≈≈...≈......≈. ≈≈≈≈.≈..≈≈.....
≈≈.....≈≈...... ≈≈..≈≈≈≈≈≈≈≈≈.≈ ....≈≈≈≈≈≈≈≈..≈ ...≈≈≈≈≈≈≈≈≈..≈ ..≈≈≈≈≈.≈≈≈≈.D≈
♣≈≈≈≈.@.≈≈≈≈w. ...≈≈≈≈..≈≈≈... ..≈≈≈≈≈≈≈≈≈≈≈>. .≈..≈≈≈≈≈≈≈≈.≈. ≈...≈≈≈≈≈≈..≈.≈
≈≈.♣..≈≈≈≈...♣≈ ..♣♣♣...≈...♣♣ ≈. ♣...≈≈.t. Turn 45784 on Swamp:1: - ouch
....≈≈..♣♣♣♣≈.≈♣ ≈≈≈≈...≈......≈.. ≈≈≈≈≈.≈..≈≈...... ≈≈≈.....≈≈.......
≈≈≈..≈≈≈≈≈≈≈≈≈.≈. .....≈≈≈≈≈≈≈≈..≈≈ ....≈≈≈≈≈≈≈≈≈..≈. ...≈≈≈≈§.≈≈≈≈.≈≈.
.♣≈≈≈≈.@Dw≈≈≈≈.♣ ?...≈≈≈≈..≈≈≈...≈ ...≈≈≈≈≈≈≈≈≈≈≈>.§ ..≈..≈≈≈≈≈≈≈≈.≈..
.≈...≈≈≈≈≈≈..≈.≈≈ .≈≈.♣..≈≈≈≈...♣§§ ≈..♣♣♣...≈..t♣♣.. ≈≈. ♣...≈≈... Turn 45790
on Swamp:1: - of course these guy will still kill me ♣.≈≈≈≈≈≈≈≈.♣♣......♣♣♣♣♣
..≈≈≈≈≈≈≈≈≈≈♣♣.....≈≈.≈.♣ ....≈≈≈≈≈≈≈≈≈.♣♣♣♣≈.≈≈≈≈≈≈. ...♣..≈≈≈≈...≈.♣♣♣
♣♣♣♣.≈≈≈≈. .♣ .....≈≈.>...≈.♣♣ ♣≈...≈≈ ..≈....=........♣♣♣♣♣♣.†≈♣≈
♣.....D≈....≈.≈..≈§≈.≈.....≈ ♣....≈≈≈≈.≈≈≈≈≈≈....^≈≈≈ ♣....≈≈≈≈.≈≈≈≈≈≈.≈.≈≈≈≈≈
♣...≈≈...≈≈≈≈.≈..≈≈≈≈≈ ♣♣♣..@≈≈.....≈≈.≈≈≈≈§. ♣♣♣♣♣........≈≈≈≈≈..
♣≈.........≈..≈. ♣♣...≈≈.§..≈≈≈.. ♣♣≈.≈≈.≈≈≈≈<≈.. ≈♣.♣≈≈.≈≈....≈ .≈§..♣♣...≈♣≈.
.♣≈..≈♣ ♣♣♣♣♣ ≈.≈...≈. .♣ ..≈..♣. Turn 46848 on Swamp:2: - isnt it supposed to
be noisy around here ### ## ##.≈ .≈## ##♣≈≈p♣♣ f..♣# ≈.≈≈≈≈♣≈≈≈≈≈. §≈≈≈♣≈e..§#
♣§.§≈≈♣ #§@§≈≈# ##§4♣## ##♣# #≈≈≈ .<≈ #≈. #.≈ #.. #≈≈ #≈≈ #≈≈ ##≈§ Turn 48920 on
Swamp:4: - nice landing

Levels and vault maps discovered:
D:1:      dpeg_arrival_rooms_with_view, layout_basic, serial_shops, shop,
          basic_ecumenical_altar
D:2:      layout_basic, basic_altar, minmay_tetromino_s4
D:3:      lemuel_castle_with_subvaults [lemuel_castle_interior_carwin_1],
          layout_basic, serial_shops, shop
D:4:      layout_rooms, minmay_temple_entry_drinking_statues
D:5:      layout_loops_ring
D:6:      layout_basic, gup_ossuary_entry_pyramid, serial_shops,
          nicolae_shop_crystal, uniq_eustachio
D:7:      layout_rooms, ebering_ghost_rock_garden, uniq_harold
D:8:      layout_rooms, old_standard_altar, zin_scriptorium,
          kennysheep_opposing_triangles
D:9:      layout_irregular_city, gammafunk_temple_overflow_claw,
          lair_entry_dummy, uniq_maurice
D:10:     layout_basic, kennysheep_mini, nicolae_two_hexagons, laboratory
D:11:     layout_basic
D:12:     layout_loops_ring, david_orc_4, serial_shops, nicolae_stop_n_shop_2
D:13:     layout_basic, serial_shops, shop
D:14:     layout_small_grid, skrybe_vaults_entry_preservation, serial_bayou,
          serial_bayou_pond_e, serial_bayou_pond_e, serial_bayou_lagoon_a,
          serial_bayou_pond_b, uniq_roxanne
D:15:     grunt_enter_depths_hoard, layout_irregular_city, fedhas_altar_1,
          serial_shops, shop, uniq_azrael
Temple:   eino_temple_scatter_basement
Lair:1:   layout_loops_ring
Lair:2:   layout_regular_city, skrybe_swamp_entry_bodies,
          portal_ice_cave_entry_pillars_1, minmay_lindwurm_lava,
          grunt_megastairs_3, lemuel_fruit_tree, serial_bayou_shore_a
Lair:3:   layout_cave_shapes, serial_rivers, chequers_serial_rivers_large_a,
          chequers_serial_rivers_micro_e, chequers_serial_rivers_room_b,
          chequers_serial_rivers_micro_d
Lair:4:   layout_roguey, minmay_snake_entry_six_corridors
Lair:5:   layout_roguey, slime_altar_1, beast_lair_carwin_1
Lair:6:   hellmonk_lair_end_abyssal_woods, layout_concentric_octagons
Swamp:1:  layout_basic_swamp, hangedman_swamp_blocks,
          infiniplex_staircase_pool_2
Swamp:2:  layout_basic_swamp, evilmike_swamp_ruin_house_1, swamp_pool5,
          nicolae_swamp_bean_lake, infiniplex_staircase_pool
Swamp:3:  layout_basic_swamp, basic_altar, swamp_pool5,
          nicolae_swamp_little_swirl
Swamp:4:  nzn_swamp_witches_coven, layout_basic_swamp,
          gammafunk_ghost_wrathful_warriors
Orc:1:    layout_caves
Orc:2:    st_orc_open, layout_caves, nicolae_orc_flooded_monolith

Skill      XL: |  1  2  3  4  5  6  7  8  9 10 11 12 13 |
---------------+----------------------------------------+-----
Stealth        | 7 8 9 11 12 13 | 13.1
Unarmed Combat | 3 4 5 6 7 8 10 11 12 15 | 15.0
Invocations    | 1 2 3 6 9 11 12 | 12.0
Dodging        | 4 6 9 10 11 12 | 12.0
Fighting       | 6 9 10 12 | 12.0
Transmutations | 6 |  6.7
Hexes          | 3 4 |  4.5

Action                   |  1- 3 |  4- 6 |  7- 9 | 10-12 | 13-15 || total
-------------------------+-------+-------+-------+-------+-------++-------
Melee: Unarmed           |   113 |   185 |   520 |  1059 |   334 ||  2211
       Bite              |    11 |    16 |    54 |   125 |    34 ||   240
       Punch             |     3 |     5 |    11 |    53 |    23 ||    95
Invok: Lesser Healing    |       |     1 |     6 |     8 |     4 ||    19
       Heal Other        |       |       |    13 |    42 |    24 ||    79
       Greater Healing   |       |       |       |     2 |     2 ||     4
       Purification      |       |       |       |     1 |       ||     1
Evoke: Wand              |       |     6 |    16 |    11 |    20 ||    53
  Use: Potion            |       |     1 |     1 |    12 |     6 ||    20
       Scroll            |       |       |    11 |    16 |     6 ||    33
 Stab: Sleeping          |    19 |    14 |    20 |    36 |    20 ||   109
       Distracted        |       |       |     7 |     7 |     5 ||    19
Armor: Skin              |     6 |     7 |    29 |    50 |    19 ||   111
Dodge: Dodged            |    64 |    95 |   410 |   913 |   346 ||  1828
